 Dungeon Crawl Stone Soup version 0.32-a0-411-g744942f433 (webtiles) character file.

Game seed: 16879133243375558177

3598 adelrune the Cudgeller (level 9, -9/75 HPs)
             Began as an Armataur Fighter on Feb 20, 2024.
             Was a High Priest of Jiyva.
             Mangled by a two-headed ogre
             ... wielding a +0 halberd
              (11 damage)
             ... in a bailey.
             The game lasted 00:15:00 (4529 turns).

adelrune the Cudgeller (Armataur Fighter)           Turns: 4529, Time: 00:15:01

Health: -9/75      AC:  9    Str: 25    XL:     9   Next: 85%
Magic:  9/9        EV:  7    Int: 10    God:    Jiyva [*****.]
Gold:   89         SH:  5    Dex:  9    Spells: 8/8 levels left

rFire   . . .        a - +0 flail
rCold   . . .        c - +0 buckler
rNeg    . . .        b - +0 scale mail
rPois   .            (helmet restricted)
rElec   .            z - +0 cloak
rCorr   +            (no gloves)
SInv    .            (no barding)
Will    .....        (no amulet)
Stlth   +            (no ring)
HPRegen 1.76/turn    (no ring)
MPRegen 0.83/turn

%: roll
@: about to teleport
A: large, deformed body, tough skin 3, armoured tail, roll 2, horns 1, wild
magic 3, translucent skin 2
a: Renounce Religion, Oozemancy, Slimify


You were in a bailey.
You worshipped Jiyva.
Jiyva was extremely pleased with you.
You visited 1 branch of the dungeon, and saw 7 of its levels.
You also visited: Ossuary and Bailey.

You collected 89 gold pieces.

Inventory:

Hand Weapons
 a - a +0 flail (weapon)
 m - a +3 antimagic dire flail
Missiles
 e - 6 boomerangs (quivered)
 x - 2 throwing nets
Armour
 b - a +0 scale mail (worn)
 c - a +0 buckler (worn)
 h - a +0 helmet
 i - a +0 pair of boots
 z - a +0 cloak (worn)
Jewellery
 k - a ring of fire
Wands
 d - a wand of polymorph (8)
 u - a wand of mindburst (31)
 w - a wand of quicksilver (11)
Scrolls
 f - a scroll of vulnerability {unknown}
 g - 2 scrolls of blinking {unknown}
 n - 4 scrolls of teleportation
 q - 4 scrolls of identify {unknown}
 r - 2 scrolls of fear {unknown}
 s - a scroll of noise {unknown}
 y - a scroll of silence {unknown}
Potions
 j - 3 potions of lignification {unknown}
 l - 2 potions of degeneration {unknown}
 o - 2 potions of brilliance {unknown}
 p - 2 potions of curing {unknown}
 t - a potion of heal wounds {unknown}
 v - a potion of might


   Skills:
 + Level 6.0 Fighting
 * Level 7.8 Maces & Flails
 + Level 5.0 Throwing
 + Level 7.8 Armour
 + Level 7.0 Shields


You had 8 spell levels left.
You didn't know any spells.
Your spell library contained the following spells:

 Spells                   Type           Power      Damage    Failure   Level
 Ensorcelled Hibernation  Hex/Ice        0%         N/A       94%         2
 Fugue of the Fallen      Necr           0%         N/A       99%         3
 Anguish                  Hex/Necr       0%         N/A       100%        4


Dungeon Overview and Level Annotations

Branches:
Dungeon (7/15)             Temple (0/1) D:7         Ossuary (visited)
 Bailey (1/1)

Altars:
Ashenzari
Cheibriados
Fedhas
Makhleb
Yredelemnul
Zin
The Shining One
Jiyva

Shops:
D:4 =   D:7 *

Annotations:
D:5 3 runed translucent doors, cforsyth's ghost, novice CoGl


Innate Abilities, Weirdness & Mutations

Armour fits poorly on your strangely shaped body.
You have extremely tough skin. (AC +3)
You have a long armoured tail.
You regenerate magic and health when rolling toward enemies. (Rampage Regen)
You have a pair of small horns on your head.
Your spells are much harder to cast, but much more powerful.
Your translucent skin reduces your foes' accuracy. (Stealth+)


Message History

The ogre hits you from afar with a +0 halberd!
You block the spriggan's attack.
You miss the spriggan. Your headbutt misses the spriggan.
The spriggan is heavily wounded.
The spriggan barely misses you. The ogre barely misses you.
You closely miss the spriggan.
The spriggan is heavily wounded.
The spriggan hits you with a +0 trident.
You hit the spriggan. Your headbutt misses the spriggan.
The spriggan is severely wounded.
The ogre hits you from afar with a +0 halberd!
The spriggan hits you with a +0 trident!
You miss the spriggan.
Your tail-slap misses the spriggan.
The spriggan is severely wounded.
The spriggan hits you but does no damage.
The ogre hits you from afar with a +0 halberd!
* * * LOW HITPOINT WARNING * * *
You miss the spriggan. Your headbutt misses the spriggan.
Your tail-slap misses the spriggan.
The spriggan is severely wounded.
You block the spriggan's attack.
You closely miss the spriggan. Your headbutt misses the spriggan.
The spriggan is severely wounded.
The ogre barely misses you. The spriggan barely misses you.
You barely miss the spriggan.
The spriggan is heavily wounded.
You block the spriggan's attack.
The ogre hits you from afar with a +0 halberd!
* * * LOW HITPOINT WARNING * * *
A two-headed ogre comes into view.
It is wielding a +0 halberd and a +0 glaive.
The two-headed ogre shouts in stereo!
The spriggan closely misses you.
As you read the scroll labelled GUTIASAIBB, it crumbles to dust.
You feel strangely unstable.
It was a scroll of teleportation.
The spriggan misses you.
The two-headed ogre hits you with a +0 halberd!
* * * LOW HITPOINT WARNING * * *
The two-headed ogre hits you with a +0 glaive!
You die...
Jiyva sends a jelly to digest your remains.

##..#######..##
##..## ..♣#..##
##..## ..##..##
##..## . #...#
~~..♣ ♣.#...#
~~..# ♣.#~..#
~~..♣ ♣.~~..#
~~..# ♣.#O.)#
~~..♣ ♣.♣@..#
##..# . #...#
##..# ..#♣i.##
##..# ##.O##
#.. ♣..##
........##
.......##
#######


You could see a two-headed ogre, an ogre and a spriggan.

Vanquished Creatures
  A spriggan (Bailey)
  Edmund (D:4)
  2 ice beasts
  4 black bears
  6 ogres
  3 sky beasts
  A centaur (D:7)
  2 phantoms
  3 elf zombies (Ossuary)
  A bullfrog (D:7)
  4 scorpions
  5 wights
  A bombardier beetle (D:6)
  A gnoll bouda (D:6)
  A hound (D:7)
  An orc priest (D:3)
  2 centaur zombies (Ossuary)
  5 human zombies (Ossuary)
  2 sleepcaps
  Terence (D:1)
  Natasha (twice) (D:2)
  3 iguanas (D:6)
  An orc wizard (D:3)
  A crocodile zombie (Ossuary)
  3 mummies (Ossuary)
  2 gnolls (D:6)
  10 adders
  3 shadow imps
  2 ufetubi (D:6)
  A dart slug (D:1)
  3 ribbon worms
  An orc (D:3)
  5 bats
  3 giant cockroaches
  8 hobgoblins
  4 jackals (D:5)
  13 kobolds
  3 quokkas
  9 ball pythons
  2 frilled lizards
  7 goblins
  5 rats
138 creatures vanquished.

Vanquished Creatures (collateral kills)
  An orc warrior (D:6)
  An orc priest (D:6)
  An orc (D:6)
3 creatures vanquished.

Vanquished Creatures (others)
  Sigmund (D:2)
  An ogre (D:7)
  A centaur (D:7)
  2 jellies
  2 hounds
  2 gnolls (D:6)
  4 adders
  3 orcs
  2 giant cockroaches
  2 goblins
  2 hobgoblins
  6 kobolds (D:3)
  A quokka (D:5)
  2 bats
  A frilled lizard (D:2)
32 creatures vanquished.

Grand Total: 173 creatures vanquished

Notes
Turn   | Place    | Note
-------+----------+-------------------------------------------
     0 | D:1      | adelrune the Armataur Fighter began the quest for the Orb.
     0 | D:1      | Reached XP level 1. HP: 18/18 MP: 1/1
    35 | D:1      | Reached XP level 2. HP: 25/25 MP: 2/2
   316 | D:1      | Reached XP level 3. HP: 24/30 MP: 3/3
   641 | D:1      | Found a faded altar of an unknown god.
   644 | D:1      | Prayed at the altar of an unknown god.
   644 | D:1      | Became a worshipper of Jiyva Jeskonta the Shapeless
   644 | D:1      | Reached * piety under Jiyva
   789 | D:2      | Noticed Terence
   817 | D:1      | Killed Terence
   818 | D:1      | Reached XP level 4. HP: 31/38 MP: 4/4
  1001 | D:2      | Noticed Sigmund
  1026 | D:2      | Killed Sigmund
  1043 | D:2      | Reached ** piety under Jiyva
  1056 | D:2      | Noticed Natasha
  1093 | D:2      | Killed Natasha
  1094 | D:2      | Reached skill level 1 in Throwing
  1123 | D:2      | Reached XP level 5. HP: 45/45 MP: 5/5
  1333 | D:2      | Noticed Natasha
  1339 | D:2      | Killed Natasha
  1367 | D:3      | Found a broken altar of Ashenzari.
  1866 | D:3      | Reached *** piety under Jiyva
  1866 | D:3      | Gained mutation: Your translucent skin slightly reduces
                  | your foes' accuracy. (Stealth+) [Jiyva's grace]
  1866 | D:3      | Gained mutation: Your translucent skin reduces your foes'
                  | accuracy. (Stealth+) [Jiyva's grace]
  1866 | D:3      | Gained mutation: Your transparent skin significantly
                  | reduces your foes' accuracy. (Stealth+) [Jiyva's grace]
  1866 | D:3      | Gained mutation: You have a pair of small horns on your
                  | head. [Jiyva's grace]
  2038 | D:4      | Reached XP level 6. HP: 51/51 MP: 6/6
  2105 | D:4      | Noticed Edmund
  2118 | D:4      | Killed Edmund
  2119 | D:4      | Reached skill level 5 in Armour
  2207 | D:4      | Found Ekeir's Jewellery Boutique.
  2446 | D:5      | Entered Level 5 of the Dungeon
  2468 | D:4      | Gained mutation: You regenerate magic and health when
                  | rolling toward enemies. (Rampage Regen) [Armataur growth]
  2468 | D:4      | Reached XP level 7. HP: 52/58 MP: 7/7
  2503 | D:5      | Reached **** piety under Jiyva
  2520 | D:5      | Reached skill level 5 in Maces & Flails
  2520 | D:5      | Reached skill level 5 in Shields
  2622 | D:5      | Reached XP level 8. HP: 63/67 MP: 8/8
  2662 | D:5      | Found a runed translucent gate.
  2662 | D:5      | Found a runed translucent gate.
  2663 | D:5      | Found a runed translucent gate.
  2664 | D:5      | Noticed cforsyth's ghost (novice CoGl)
  2747 | D:5      | Found a glowing golden altar of the Shining One.
  2839 | D:5      | Found a sand-covered staircase.
  2847 | Ossuary  | Entered an ossuary
  3189 | D:5      | Reached skill level 5 in Fighting
  3292 | D:6      | Found a blossoming altar of Fedhas.
  3294 | D:6      | Found a burning altar of Makhleb.
  3298 | D:6      | Found a snail-covered altar of Cheibriados.
  3298 | D:6      | Found a basalt altar of Yredelemnul.
  3350 | D:6      | Reached ***** piety under Jiyva
  3424 | D:6      | Reached XP level 9. HP: 50/74 MP: 9/9
  3686 | D:6      | Lost mutation: Your transparent skin significantly reduces
                  | your foes' accuracy. (Stealth+) [Jiyva's grace]
  3686 | D:6      | Lost mutation: Your translucent skin reduces your foes'
                  | accuracy. (Stealth+) [Jiyva's grace]
  3686 | D:6      | Gained mutation: Your spells are a little harder to cast,
                  | but a little more powerful. [Jiyva's grace]
  3686 | D:6      | Gained mutation: Your spells are harder to cast, but more
                  | powerful. [Jiyva's grace]
  3686 | D:6      | Gained mutation: Your spells are much harder to cast, but
                  | much more powerful. [Jiyva's grace]
  3686 | D:6      | Gained mutation: Your translucent skin reduces your foes'
                  | accuracy. (Stealth+) [Jiyva's grace]
  3935 | D:7      | Found a staircase to the Ecumenical Temple.
  3946 | D:7      | Found Zin's Purification Station.
  3946 | D:7      | Found a glowing silver altar of Zin.
  4396 | D:7      | Found a flagged portal.
  4405 | Bailey   | Entered a bailey
  4483 | Bailey   | Reached skill level 5 in Throwing
  4527 | Bailey   | Noticed a two-headed ogre
  4529 | Bailey   | HP: 2/75 [two-headed ogre/+0 halberd (16)]
  4529 | Bailey   | Mangled by a two-headed ogre

Illustrated notes

Levels and vault maps discovered:
D:1:      lightli_molten_gateway, layout_loops_ring, basic_ecumenical_altar,
          minmay_fountain_box
D:2:      layout_rooms, minmay_misc_feat_doors, columned_hall_lemuel,
          uniq_terence, uniq_sigmund, uniq_natasha
D:3:      cheibrodos_fertilizer, layout_basic, mainiacjoe_overflow_boulevard
D:4:      layout_rooms, serial_shops, nicolae_shop_window_shopping, uniq_edmund
D:5:      layout_cave_pools, tso_metal_star, gammafunk_ghost_nasty_kobolds,
          lightli_ossuary_entry_decrepit_ruins, kennysheep_generic_room_3
D:6:      layout_cave_pools, grunt_temple_overflow_open
D:7:      layout_loops_corners, zin_purify, grunt_qazlal_sundering,
          minmay_temple_entry_glassed_door, enter_bailey_1
Bailey:   bailey_polearm_enchanted_keep_hellmonk, bailey

Skill      XL: |  1  2  3  4  5  6  7  8  9 |
---------------+----------------------------+-----
Maces & Flails | 2 3 4 5 6 7 |  7.8
Fighting       | 3 4 5 6 |  6.0
Armour         | 4 5 6 7 |  7.8
Throwing       | 1 2 3 4 5 |  5.0
Shields        | 4 5 6 7 |  7.0

Action                     |  1- 3 |  4- 6 |  7- 9 || total
---------------------------+-------+-------+-------++-------
  Melee: Flail             |    72 |   180 |   380 ||   632
         Tailslap          |    10 |    22 |    51 ||    83
         Headbutt          |       |     9 |    72 ||    81
  Throw: Boomerang         |    10 |     6 |       ||    16
    Use: Potion            |       |     1 |       ||     1
         Scroll            |       |       |     1 ||     1
 Armour: Scale mail        |    56 |   194 |   381 ||   631
  Dodge: Dodged            |    20 |    68 |   208 ||   296
  Block: Buckler           |     8 |    36 |   100 ||   144

Table legend: (Time is in decaauts)
 A = Elapsed time spent in this place.
 B = Non-inter-level travel time spent in this place.
 C = Inter-level travel time spent in this place.
 D = Time resting spent in this place.
 E = Time spent auto-exploring this place.
 F = Levels seen in this place.
 G = Mean time per level.
                   A        B        C        D        E       F      G
               +--------+--------+--------+--------+--------+-----+--------+
         Total |   4648 |   4517 |    131 |     78 |   2921 |   9 |  516.4 |
       Dungeon |   4302 |   4171 |    131 |     78 |   2879 |   7 |  614.6 |
       Ossuary |    220 |    220 |      0 |      0 |     42 |   1 |  220.0 |
        Bailey |    124 |    124 |      0 |      0 |      0 |   1 |  124.0 |
               +--------+--------+--------+--------+--------+-----+--------+

Top non-repeatable levels by time:
     D:1: 815 daAuts
     D:3: 668 daAuts
     D:5: 619 daAuts
     D:6: 601 daAuts
     D:2: 595 daAuts
     D:7: 525 daAuts
     D:4: 478 daAuts
 Ossuary: 220 daAuts
  Bailey: 124 daAuts
